 Dungeon Crawl Stone Soup version 0.22-a0-757-gdba82d8 (webtiles) character file.

2006 Mamutox the Cleaver (level 9, -2/98 HPs)
             Began as an Ogre Chaos Knight on July 16, 2018.
             Slain by a worker ant (4 damage)
             ... on level 7 of the Dungeon.
             The game lasted 00:21:59 (7960 turns).

Mamutox the Cleaver (Ogre Chaos Knight)             Turns: 7960, Time: 00:22:03

Health: -2/98      AC:  5    Str: 18    XL:     9   Next: 22%
Magic:  9/9        EV: 10    Int: 13    God:    Xom [......]
Gold:   285        SH:  0    Dex: 11    Spells: 8/8 levels left

rFire    . . .     SeeInvis +   a - +0 hand axe (chaos)
rCold    . . .     Gourm    .   (no shield)
rNeg     . . .     Faith    .   b - +2 robe
rPois    .         Spirit   .   (helmet restricted)
rElec    .         Reflect  .   (no cloak)
rCorr    .         Harm     .   (gloves unavailable)
MR       .....                  (boots unavailable)
Stlth    +.........             (no amulet)
HPRegen  0.26/turn              s - ring of wizardry
MPRegen  0.11/turn              (no ring)

@: lethally poisoned (-2 -> -3)
A: large, unfitting armour, see invisible, blink, screaming 1, tough skin 1,
MP-powered wands
a: Blink, Renounce Religion


You were on level 7 of the Dungeon.
You worshipped Xom.
You were a very special plaything of Xom.
You were hungry.

You visited 1 branch of the dungeon, and saw 7 of its levels.

You collected 285 gold pieces.

Inventory:

Hand Weapons
 a - a +0 hand axe of chaos (weapon)
Missiles
 g - a throwing net
 p - 3 tomahawks (quivered)
 q - 11 poisoned needles
Armour
 b - a +2 robe (worn)
Jewellery
 s - a ring of wizardry (left hand)
Wands
 n - a wand of scattershot (5)
Scrolls
 i - 2 scrolls of fear
 j - 3 scrolls of teleportation {unknown}
 o - 6 scrolls of remove curse {unknown}
 w - a scroll of amnesia {unknown}
 x - a scroll of fog {unknown}
Potions
 d - a potion of might
 e - 2 potions of ambrosia
 f - a potion of agility
 h - 3 potions of cancellation
 k - a potion of heal wounds
 m - a potion of brilliance
 r - a potion of curing {unknown}
 t - a potion of magic
 u - a potion of flight {unknown}
 z - a potion of haste {unknown}
Comestibles
 c - 12 rations
 v - 4 chunks of flesh


   Skills:
 - Level 9.1 Fighting
 + Level 10.2 Axes
 - Level 0.3 Throwing
 - Level 2.3 Dodging
 - Level 1.0 Stealth


You had 8 spell levels left.
You didn't know any spells.
Your spell library contained the following spells:

 Spells                   Type           Power        Failure   Level  Hunger
 Apportation              Tloc           #.....       12%         1    ##.....
 Confuse                  Hex            #.......     34%         3    ####...
 Summon Small Mammal      Summ           #...         12%         1    ##.....
 Animate Skeleton         Necr           N/A          12%         1    ##.....
 Summon Ice Beast         Ice/Summ       #.......     73%         4    #####..
 Call Imp                 Summ           #.......     19%         2    ###....
 Tukima's Dance           Hex            #.......     34%         3    ####...
 Stone Arrow              Conj/Erth      #.....       34%         3    ####...
 Confusing Touch          Hex            #.....       12%         1    ##.....
 Passwall                 Tmut/Erth      #.......     19%         2    ###....
 Call Canine Familiar     Summ           #.......     34%         3    ####...
 Ensorcelled Hibernation  Hex/Ice        #.....       19%         2    ###....
 Corona                   Hex            #......      12%         1    ##.....
 Lee's Rapid Deconstruct  Erth           #.........   96%         5    ######.
 Sandblast                Erth           #.....       12%         1    ##.....
 Petrify                  Tmut/Erth      #.......     73%         4    #####..
 Dazzling Spray           Conj/Hex       #.....       34%         3    ####...
 Summon Lightning Spire   Summ/Air       #.......     73%         4    #####..
 Summon Guardian Golem    Hex/Summ       #.......     34%         3    ####...


Dungeon Overview and Level Annotations

Branches:
Dungeon (7/15)             Temple (0/1) D:4

Altars:
Uskayaw
The Shining One
Beogh

Shops:
D:4 (

Annotations:
D:4 2 runed doors, ThereIsNoGod's ghost, amateur GnWn


Innate Abilities, Weirdness & Mutations

You are too large for most types of armour.
You have tough skin. (AC +1)
You have supernaturally acute eyesight. (SInv)
You can translocate small distances at will.
You occasionally shout uncontrollably at your foes.
You expend magic power (3 MP) to strengthen your wands.


Message History

You see here an arrow.
A hound comes into view.
The orc priest calls down the wrath of Beogh upon you.
You resist with significant effort.
The hound barks!
The worker ant closely misses you.
The orc priest mumbles some strange prayers to Beogh against you.
Beogh smites you!
* * * LOW HITPOINT WARNING * * *
Xom thinks this is hilarious!
You feel sick. The hound bites you but does no damage.
You feel extremely strange.
You feel the urge to shout.
You feel jittery.
Xom thinks this is hilarious!
Your vision sharpens.
You feel your magical essence link to your wands.
You are now a very special plaything of Xom.
The hound closely misses you. The worker ant bites you.
You die...
Xom chuckles heartily!

♣♣♣..♣♣..#.##..##.......
P♣P...♣P♣P#........# #(.
P.P....P..#.....#..####..
..............o......()).
................#..####..
.........................
.............(...........
#....##..ac.(o...#...####
........@h#......#...#
.....................#
.................#...#
.................#...#
#.##.##<..##.#.#.#...# #
## #...##.#.#.#...#
....####.#.#...# .....#
#.#.#.... ###....
#.##..##


You could see a centaur, a hound, a worker ant and 2 orc priests.

Vanquished Creatures
  Grinder (D:5)
  A wandering mushroom (D:4)
  Duvessa (D:4)
  An ice beast (D:5)
  An orc warrior (D:6)
  A phantom (D:4)
  2 ogres (D:5)
  A bullfrog (D:6)
  A water moccasin zombie (D:6)
  Dowan (D:4)
  A scorpion (D:6)
  The ghost of Meatbag the Magician, a weakling GnWz (D:3)
  A crimson imp (D:5)
  A centaur zombie (D:6)
  A jelly (D:5)
  2 orc priests (D:6)
  3 hounds
  5 worker ants
  5 orc wizards
  7 gnolls
  7 adders
  4 oozes
  5 worms (D:3)
  A dart slug (D:1)
  5 leopard geckos
  19 orcs
  9 bats
  6 giant cockroaches
  3 goblins
  4 hobgoblins
  8 kobolds
  4 quokkas
  2 ball pythons
  A ball python skeleton (D:5)
  10 frilled lizards
  A leopard gecko zombie (D:5)
  A quokka skeleton (D:5)
  5 rats
  A plant (D:4)
134 creatures vanquished.

Vanquished Creatures (collateral kills)
  A worker ant (D:4)
  An orc (D:4)
  A plant (D:4)
3 creatures vanquished.

Vanquished Creatures (others)
  An orc warrior (D:6)
  An orc wizard (D:6)
  5 plants (D:4)
7 creatures vanquished.

Grand Total: 144 creatures vanquished

Notes
Turn   | Place    | Note
-------+----------+-------------------------------------------
     0 | D:1      | Mamutox the Ogre Chaos Knight began the quest for the Orb.
     0 | D:1      | Reached XP level 1. HP: 24/24 MP: 1/1
   191 | D:1      | Reached XP level 2. HP: 23/32 MP: 2/2
   328 | D:1      | XOM: potion effect (might)
   378 | D:1      | XOM: silly message
   533 | D:1      | Reached XP level 3. HP: 40/40 MP: 3/3
   534 | D:1      | XOM: divination: detect items
   585 | D:1      | XOM: silly message
   603 | D:1      | Found a glowing golden altar of the Shining One.
   620 | D:1      | XOM is BORED!
   620 | D:1      | XOM: harmless Tmut miscast
  1063 | D:2      | XOM: noise
  1227 | D:2      | Reached skill level 4 in Axes
  1227 | D:2      | Reached XP level 4. HP: 29/49 MP: 4/4
  1423 | D:2      | XOM: medium Fire miscast
  1720 | D:2      | XOM: medium Pois miscast
  1800 | D:2      | XOM: harmless Ice miscast
  2066 | D:2      | XOM: mild Ice miscast
  2151 | D:3      | XOM: noise
  2214 | D:2      | XOM: enchant monster (bad)
  2216 | D:2      | XOM: smoke on damage
  2417 | D:2      | XOM: harmless Chrm miscast
  2518 | D:3      | Found a hide-covered altar of Uskayaw.
  2531 | D:3      | Noticed a hand axe
  2532 | D:3      | Noticed a hand axe
  2542 | D:3      | Reached skill level 5 in Axes
  2542 | D:3      | Reached XP level 5. HP: 54/55 MP: 5/5
  2557 | D:3      | Found a runed gate.
  2558 | D:3      | Found a runed gate.
  2558 | D:3      | Found a runed gate.
  2562 | D:3      | Noticed Meatbag's ghost (weakling GnWz)
  2677 | D:3      | XOM: divination: detect items
  2679 | D:3      | XOM: smoke on damage
  2810 | D:3      | XOM: divination: detect items
  3030 | D:3      | XOM: smoke on damage
  3173 | D:3      | Reached skill level 1 in Stealth
  3459 | D:3      | Found a roughly hewn altar of Beogh.
  3476 | D:3      | XOM: silly message
  3497 | D:3      | Killed Meatbag's ghost
  3498 | D:3      | XOM: silly message
  3749 | D:4      | Found a staircase to the Ecumenical Temple.
  3816 | D:4      | Found Jowkyo's Antique Weapon Boutique.
  3838 | D:4      | Reached skill level 6 in Axes
  3838 | D:4      | Reached XP level 6. HP: 55/63 MP: 6/6
  4027 | D:4      | Found a runed door.
  4031 | D:4      | Noticed ThereIsNoGod's ghost (amateur GnWn)
  4047 | D:4      | Noticed Duvessa
  4047 | D:4      | Noticed Dowan
  4069 | D:4      | XOM: cast spell 'Summon Ice Beast'
  4077 | D:4      | Killed Duvessa
  4085 | D:4      | Reached skill level 7 in Axes
  4453 | D:4      | Found a runed door.
  4512 | D:4      | XOM: divination: magic mapping
  4514 | D:4      | XOM: noise
  4522 | D:4      | Killed Dowan
  4522 | D:4      | Reached XP level 7. HP: 43/71 MP: 7/7
  4983 | D:4      | XOM: harmless Air miscast
  4992 | D:4      | XOM: divination: magic mapping
  5002 | D:4      | Noticed a wandering mushroom
  5002 | D:4      | an oklob sapling changed into a wandering mushroom
  5042 | D:4      | XOM: summons 7 friendly demons
  5056 | D:4      | Killed a wandering mushroom
  5056 | D:4      | Reached skill level 8 in Axes
  5109 | D:5      | Entered Level 5 of the Dungeon
  5196 | D:5      | XOM: 4-stop teleportation journey
  5224 | D:5      | Noticed Grinder
  5228 | D:5      | XOM: swap monsters
  5230 | D:5      | XOM: blink monster(s)
  5230 | D:5      | Paralysed by Grinder for 6 turns
  5241 | D:5      | Paralysed by Grinder for 2 turns
  5249 | D:5      | XOM: summons 3 hostile demons
  5261 | D:5      | XOM: polymorph Grinder -> Grinder
  5510 | D:5      | XOM: divination: detect creatures
  5516 | D:5      | Killed Grinder
  5516 | D:5      | Reached XP level 8. HP: 84/84 MP: 8/8
  5569 | D:5      | XOM: enchant monster (good)
  5913 | D:5      | XOM: confusion (+ monsters)
  5932 | D:5      | XOM: cast spell 'Alistair's Intoxication'
  5989 | D:5      | XOM: divination: detect items
  5999 | D:5      | XOM: cloud trail
  6031 | D:5      | XOM: cast spell 'Summon Small Mammal'
  6301 | D:5      | XOM: potion effect (heal wounds)
  6429 | D:5      | XOM: divination: detect items
  6435 | D:5      | XOM: divination: detect creatures
  6487 | D:5      | XOM: divination: detect creatures
  6589 | D:6      | XOM: potion effect (agility)
  6605 | D:6      | Reached skill level 9 in Axes
  6819 | D:6      | XOM: potion effect (haste)
  6824 | D:6      | XOM: potion effect (brilliance)
  6825 | D:6      | XOM: silly message
  6837 | D:6      | XOM: potion effect (invisibility)
  6880 | D:6      | XOM: silly message
  6883 | D:6      | Reached XP level 9. HP: 15/98 MP: 9/9
  7120 | D:5      | XOM: divination: detect creatures
  7258 | D:6      | XOM: divination: detect creatures
  7393 | D:6      | XOM: potion effect (might)
  7460 | D:6      | Reached skill level 10 in Axes
  7636 | D:6      | XOM: divination: detect creatures
  7819 | D:6      | XOM: smoke on damage
  7952 | D:7      | XOM: harmless Air miscast
  7958 | D:7      | HP: 2/98 [orc priest/divine providence (13)]
  7960 | D:7      | Gained mutation: You occasionally shout uncontrollably at your foes. [potion of mutation]
  7960 | D:7      | Gained mutation: You can translocate small distances at will. [potion of mutation]
  7960 | D:7      | Gained mutation: You have supernaturally acute eyesight. (SInv) [potion of mutation]
  7960 | D:7      | Gained mutation: You expend magic power (3 MP) to strengthen your wands. [potion of mutation]
  7960 | D:7      | Slain by a worker ant

Vault maps used:
D:1:      kennysheep_arrival_forest, tso_altar
D:3:      dancing_weapons_uskayaw, biasface_ghost_orc_armoury
D:4:      minmay_temple_entry_oklob, ebering_ghost_sewer_f, serial_shops,
          shop_statue, st_stairs_7, grunt_decor_mini_mirrors,
          minmay_misc_feat_tower, minivault_23, uniq_duvessa
D:5:      first_ration, water_boxes_lemuel, uniq_grinder
D:7:      kennysheep_housing_project

Skill      XL: |  1  2  3  4  5  6  7  8  9 |
---------------+----------------------------+-----
Axes           | 4 5 6 7 8 9 10 | 10.2
Stealth        | 1 |  1.0
Fighting       | 6 9 |  9.1
Throwing       | |  0.3
Dodging        | |  2.3

Action                   |  1- 3 |  4- 6 |  7- 9 || total
-------------------------+-------+-------+-------++-------
Melee: Hand axe          |    69 |   205 |   283 ||   557
Throw: Tomahawk          |       |       |     1 ||     1
  Use: Scroll            |       |     7 |     2 ||     9
       Potion            |       |       |     1 ||     1
 Stab: Paralysed         |       |     1 |    12 ||    13
       Sleeping          |       |     1 |     1 ||     2
       Confused          |       |       |     1 ||     1
       Petrified         |       |       |     2 ||     2
       Petrifying        |       |       |     1 ||     1
  Eat: Chunk             |     1 |     9 |    12 ||    22
Armor: Robe              |    30 |    69 |    72 ||   171
Dodge: Dodged            |    41 |   111 |   122 ||   274

Table legend:
 A = Spawn XP
 B = Non-spawn XP
 C = Spawn XP percentage of total XP
 D = Spawn monster count
 E = Non-spawn monster count
 F = Spawn count percentage of total count
 G = Total turns spent on level
                    A         B        C        D         E        F      G
               +---------+---------+-------+---------+---------+-------+---------
         Total |       0 |    2866 |   0.0 |       0 |     137 |   0.0 |  7960
               +---------+---------+-------+---------+---------+-------+---------
           D:1 |       0 |      35 |   0.0 |       0 |      17 |   0.0 |   909
           D:2 |       0 |     110 |   0.0 |       0 |      24 |   0.0 |  1581
           D:3 |       0 |     171 |   0.0 |       0 |      35 |   0.0 |  1633
           D:4 |       0 |     696 |   0.0 |       0 |      14 |   0.0 |  1325
           D:5 |       0 |     926 |   0.0 |       0 |      20 |   0.0 |  1436
           D:6 |       0 |     886 |   0.0 |       0 |      24 |   0.0 |  1010
           D:7 |       0 |      42 |   0.0 |       0 |       3 |   0.0 |    66
               +---------+---------+-------+---------+---------+-------+---------
